[Event "Titled Tuesday Blitz February 22 Late 2022"]
[White "Adury, Anant"]
[Black "Pinheiro, Iung Alicio de O."]
[WhiteFideId "30964687"]
[BlackFideId "2104350"]
[WhiteElo "2295"]
[BlackElo "2595"]
[Result "1-0"]
[Round "03"]
[TimeControl "180+1"]
[Date "2022.02.23"]
[WhiteClock "0:01:33"]
[BlackClock "0:00:08"]

1. d4 Nf6 2. c4 c5 3. d5 e6 4. Nc3 d6 5. e4 exd5 6. exd5 g6 7. Bd3 Bg7 8. Bg5 O-O 9. Qd2 Re8+ 10. Kf1 Qb6 11. Nge2 Nbd7 12. h4 Ne5 13. b3 Nxd3 14. Qxd3 Bf5 15. Qd2 Ne4 16. Nxe4 Rxe4 17. Re1 Rae8 18. Be3 Bd4 19. Ng3 Bxe3 20. Rxe3 Rxe3 21. fxe3 Be4 22. h5 Qd8 23. Qf2 Qg5 24. Qf4 Qxf4+ 25. exf4 Bb1 26. Kf2 Bxa2 27. Ra1 Bxb3 28. Rxa7 Re7 29. h6 f6 30. Ra8+ Kf7 31. Rh8 Re8 32. Rxh7+ Kg8 33. Rg7+ Kh8 34. Rxg6 Bxc4 35. Rxf6 Bxd5 36. Rxd6 Bc6 37. Nf5 c4 38. Rd4 b5 39. g4 c3 40. Ne3 Rxe3 41. Kxe3 c2 42. Kd2 1-0


[Site "https://www.chess.com"]

[Event "Titled Tuesday Blitz February 22 Late 2022"]
[White "Aggelis, Nikolaos"]
[Black "Stanisz, Patryk"]
[WhiteFideId "4213220"]
[BlackFideId "1123106"]
[WhiteElo "2154"]
[BlackElo "1876"]
[Result "1/2-1/2"]
[Round "03"]
[TimeControl "180+1"]
[Date "2022.02.23"]
[WhiteClock "0:01:40"]
[BlackClock "0:00:13"]

1. d4 d5 2. g3 Nf6 3. Nf3 c6 4. Bg2 Bf5 5. c4 e6 6. Nc3 Nbd7 7. Nh4 Bg6 8. Nxg6 hxg6 9. Qd3 Bd6 10. e4 dxe4 11. Nxe4 Nxe4 12. Bxe4 Qa5+ 13. Bd2 Bb4 14. Bxg6 Bxd2+ 15. Kd1 Bh6 16. Be4 O-O-O 17. Qc3 Qxc3 18. bxc3 f5 19. Bf3 e5 20. Kc2 exd4 21. cxd4 g6 22. Rad1 Nb6 23. Kb3 Bg7 24. d5 cxd5 25. cxd5 Rd6 26. h4 Rhd8 27. h5 g5 28. a4 Nxd5 29. h6 Bh8 30. Rh5 g4 31. Bxd5 Rxd5 32. Rxd5 Rxd5 33. Rg5 Bd4 34. Kc4 Rd8 35. h7 Bh8 36. Rg8 Kd7 37. Kd5 Re8 38. Rxe8 Kxe8 39. Ke6 Kf8 40. Kxf5 Kg7 41. Kxg4 Kxh7 42. Kf5 b6 43. Ke6 a6 44. Kd5 b5 45. axb5 axb5 46. Kc5 b4 47. Kxb4 Bd4 48. f3 Bf2 49. g4 Kg6 50. Kc4 Kg5 51. Kd3 Bg3 52. Ke4 Bf4 53. Kd5 Bc7 54. Ke4 Bf4 55. Kd5 Bg3 56. Ke6 Bf4 57. Kf7 Bg3 58. Ke6 Kf4 59. Kf6 Bh4+ 60. Kg6 Bg5 61. Kh5 Bf6 62. Kg6 Bd4 63. g5 Kxf3 64. Kf7 Kg4 65. g6 Kg5 66. g7 Bxg7 1/2-1/2


[Site "https://www.chess.com"]

[Event "Titled Tuesday Blitz February 22 Late 2022"]
[White "Aigner, Michael"]
[Black "De Souza, Cristiano Gomes"]
[WhiteFideId "2017288"]
[BlackFideId "2151758"]
[WhiteElo "2406"]
[BlackElo "2068"]
[Result "1-0"]
[Round "03"]
[TimeControl "180+1"]
[Date "2022.02.23"]
[WhiteClock "0:00:39"]
[BlackClock "0:00:54"]

1. e4 c5 2. Nc3 d6 3. g3 a6 4. Bg2 b5 5. d3 Bb7 6. f4 b4 7. Nce2 Nc6 8. Nf3 e6 9. O-O Nge7 10. g4 g6 11. h4 Bg7 12. Rb1 O-O 13. h5 f5 14. g5 Qd7 15. Be3 a5 16. hxg6 hxg6 17. Ng3 Kf7 18. Qd2 Rh8 19. Qf2 Rh7 20. exf5 Nxf5 21. Nxf5 exf5 22. d4 c4 23. c3 Rah8 24. Rfe1 Ne7 25. Bd2 Qb5 26. Qf1 Bd5 27. Re2 Qc6 28. Rbe1 Bf8 29. Re3 Rh5 30. Qe2 Qb7 31. cxb4 axb4 32. Bxb4 Qxb4 33. Rxe7+ Kg8 34. Re8 Qb7 35. Rxf8+ Kxf8 36. Qe8+ Kg7 37. Re7+ Qxe7 38. Qxe7+ Bf7 39. Qxd6 1-0


[Site "https://www.chess.com"]

[Event "Titled Tuesday Blitz February 22 Late 2022"]
[White "Aldokhin, Ivan"]
[Black "Hess, Robert"]
[WhiteFideId "24115720"]
[BlackFideId "2022036"]
[WhiteElo "2231"]
[BlackElo "2557"]
[Result "0-1"]
[Round "03"]
[TimeControl "180+1"]
[Date "2022.02.23"]
[WhiteClock "0:00:05"]
[BlackClock "0:00:05"]

1. e4 g6 2. d4 Bg7 3. Nc3 a6 4. Nf3 d6 5. h3 Nd7 6. Bg5 h6 7. Bh4 b5 8. a4 b4 9. Nd5 Bb7 10. Bc4 g5 11. Bg3 e6 12. Nxb4 a5 13. Na2 Bxe4 14. Nc3 Bb7 15. h4 g4 16. Nh2 h5 17. f3 Nh6 18. fxg4 hxg4 19. Nxg4 Nf5 20. Bf2 Bxg2 21. Rh2 Bb7 22. h5 Qg5 23. Qe2 Nxd4 24. Bxd4 Bxd4 25. Nb5 Bb6 26. h6 Ne5 27. Nxe5 dxe5 28. Rd1 Qg3+ 29. Rf2 Rxh6 30. Nxc7+ Bxc7 31. Bb5+ Kf8 32. Rd3 Rh1+ 33. Kd2 Qg5+ 34. Kc3 Qg7 35. Rd7 e4+ 36. Kb3 Bd5+ 37. c4 Rh3+ 38. Ka2 Rf3 39. cxd5 Rxf2 40. Qxf2 Be5 41. dxe6 Kg8 42. Rxf7 Qg6 43. Bc4 Rc8 44. e7 Kh8 45. Rf8+ Kg7 46. Rg8+ Rxg8 47. Bxg8 Kxg8 48. Qg2 Qxg2 49. e8=Q+ Kh7 50. Qxe5 Qg8+ 51. Ka3 Qf8+ 52. Ka2 Qb4 53. Qe7+ Qxe7 0-1


[Site "https://www.chess.com"]

[Event "Titled Tuesday Blitz February 22 Late 2022"]
[White "Aradhya, Garg"]
[Black "Kopczynski, Michal"]
[WhiteFideId "25006746"]
[BlackFideId "1124200"]
[WhiteElo "2169"]
[BlackElo "2235"]
[Result "1/2-1/2"]
[Round "03"]
[TimeControl "180+1"]
[Date "2022.02.23"]
[WhiteClock "0:01:04"]
[BlackClock "0:00:25"]

1. d4 Nf6 2. c4 g6 3. g3 Bg7 4. Bg2 d6 5. Nc3 O-O 6. Nf3 Nc6 7. O-O Nd7 8. Bg5 h6 9. Be3 e5 10. dxe5 Ndxe5 11. Nxe5 Nxe5 12. b3 Nxc4 13. bxc4 Bxc3 14. Bxh6 Bg7 15. Bxg7 Kxg7 16. Rb1 Rb8 17. Qd4+ Qf6 18. Qxa7 Be6 19. Rxb7 Rxb7 20. Qxb7 Bxc4 21. Qxc7 Bxe2 22. Re1 Bg4 23. h3 Be6 24. Qxd6 Bxa2 25. Qxf6+ Kxf6 26. h4 Be6 27. f4 Rb8 28. Re2 Rb3 29. Kf2 Rd3 30. Bf3 Bd5 31. Re3 Rxe3 32. Kxe3 Be6 33. g4 Bd7 34. g5+ Kg7 35. Kd4 Be6 36. Ke5 Bh3 37. Be4 Bg4 38. f5 gxf5 39. Bxf5 Bf3 40. Bd3 Bg4 41. Be4 Bh5 42. Bf5 Bf3 43. Kf4 Bh5 44. Bg4 Bxg4 45. Kxg4 f6 46. Kf5 fxg5 47. h5 g4 48. Kxg4 Kh8 49. Kf5 Kg8 50. Kg6 Kh8 51. Kh6 Kg8 52. Kg6 Kh8 53. Kh6 Kg8 54. Kg5 Kh8 55. Kg6 Kg8 56. Kh6 Kh8 57. Kg6 Kg8 58. Kf6 Kh8 59. h6 Kg8 60. Kg6 Kh8 61. Kg5 Kg8 62. Kh5 Kh8 63. Kg6 Kg8 64. Kg5 Kh8 65. Kf6 Kg8 66. Kf5 Kh8 67. Kg5 Kg8 68. Kg4 Kh8 69. Kh4 Kg8 70. Kg3 Kh8 71. Kg4 Kg8 72. Kh5 Kh8 73. Kg6 Kg8 74. h7+ Kh8 75. Kf7 Kxh7 1/2-1/2


[Site "https://www.chess.com"]

[Event "Titled Tuesday Blitz February 22 Late 2022"]
[White "Araujo Filho, Luiz Antonio Coel"]
[Black "Moskvin, Anatoly"]
[WhiteFideId "2130661"]
[BlackFideId "24199990"]
[WhiteElo "2196"]
[BlackElo "2079"]
[Result "1-0"]
[Round "03"]
[TimeControl "180+1"]
[Date "2022.02.23"]
[WhiteClock "0:00:22"]
[BlackClock "0:00:02"]

1. d4 Nf6 2. Nf3 c5 3. e3 e6 4. Bd3 d5 5. c3 Nc6 6. Qe2 Bd6 7. Nbd2 O-O 8. dxc5 Bxc5 9. e4 e5 10. h3 a6 11. O-O Ba7 12. Rd1 dxe4 13. Nxe4 Nxe4 14. Bxe4 Qf6 15. Bg5 Qe6 16. Bd5 Qe8 17. Bh4 Bd7 18. Ng5 h6 19. Ne4 Be6 20. Bf6 Ne7 21. Bxe6 fxe6 22. Bxe5 Ng6 23. Bg3 Rf5 24. Nd6 Qf8 25. Qxe6+ 1-0


[Site "https://www.chess.com"]

[Event "Titled Tuesday Blitz February 22 Late 2022"]
[White "Aukhatov, Roman"]
[Black "Gomez Ledo, Roberto Carlos"]
[WhiteFideId "44150768"]
[BlackFideId "3507076"]
[WhiteElo "2112"]
[BlackElo "2379"]
[Result "1-0"]
[Round "03"]
[TimeControl "180+1"]
[Date "2022.02.23"]
[WhiteClock "0:00:23"]
[BlackClock "0:00:08"]

1. Nf3 Nf6 2. c4 e6 3. g3 d5 4. Bg2 Be7 5. d4 O-O 6. O-O dxc4 7. Ne5 Nc6 8. Nxc6 bxc6 9. Na3 Bxa3 10. bxa3 Ba6 11. Qd2 Rb8 12. Qa5 Rb6 13. Rd1 Nd5 14. e4 Nf6 15. a4 Qc8 16. Ba3 Re8 17. h3 Qb7 18. g4 Rb8 19. Qc3 Nd7 20. e5 Qc8 21. f4 Bb7 22. Bc5 Ra6 23. a5 Ba8 24. Rab1 Rb5 25. Bb4 c5 26. dxc5 Bxg2 27. Kxg2 Nxc5 28. Qxc4 Qa8+ 29. Kh2 1-0


[Site "https://www.chess.com"]

[Event "Titled Tuesday Blitz February 22 Late 2022"]
[White "Badmatsyrenov, Oleg"]
[Black "Babazada, Khazar"]
[WhiteFideId "24115762"]
[BlackFideId "13413554"]
[WhiteElo "2403"]
[BlackElo "2418"]
[Result "0-1"]
[Round "03"]
[TimeControl "180+1"]
[Date "2022.02.22"]
[WhiteClock "0:00:02"]
[BlackClock "0:00:19"]

1. e4 Nf6 2. Nc3 d5 3. e5 Nfd7 4. Nxd5 Nxe5 5. Ne3 c5 6. b3 Nbc6 7. Bb2 a6 8. Nf3 Nxf3+ 9. Qxf3 Nd4 10. Qg3 e6 11. O-O-O Bd7 12. Re1 Qa5 13. Nc4 Qxa2 14. Nd6+ Bxd6 15. Qxd6 Nf5 16. Qxc5 Ne7 17. Bc4 b5 18. Bd3 Rc8 19. Qa3 Qxa3 20. Bxa3 Nd5 21. Be4 Bc6 22. Bb2 O-O 23. Kb1 Rfd8 24. d3 a5 25. h4 a4 26. Rh3 axb3 27. cxb3 b4 28. Rg3 g6 29. h5 Bb5 30. hxg6 hxg6 31. Bxd5 Rxd5 32. Rh1 e5 33. f4 Bxd3+ 34. Rxd3 Rxd3 35. Bxe5 f6 36. Bxf6 Rxb3+ 37. Ka2 Ra3+ 38. Kb2 Kf7 39. Be5 Ke6 40. g4 Rd8 41. Rh6 Rd2+ 42. Kc1 Rg2 43. Rxg6+ Kd5 44. Rd6+ Kc5 45. Rd8 Rf3 46. Rd1 Rxg4 47. Rd2 b3 48. Kb2 Rgg3 49. Bd6+ Kc4 50. Be5 Rd3 51. Rf2 Rge3 52. Rh2 Rd1 53. Rg2 Rde1 0-1


[Site "https://www.chess.com"]

[Event "Titled Tuesday Blitz February 22 Late 2022"]
[White "Baker, Chris W"]
[Black "Roque Sola, Gisela"]
[WhiteFideId "401676"]
[BlackFideId "5120241"]
[WhiteElo "2238"]
[BlackElo "1863"]
[Result "1-0"]
[Round "03"]
[TimeControl "180+1"]
[Date "2022.02.23"]
[WhiteClock "0:00:16"]
[BlackClock "0:00:14"]

1. c4 e6 2. Nf3 Nf6 3. g3 d5 4. Bg2 Be7 5. O-O O-O 6. b3 b6 7. Bb2 Bb7 8. e3 c5 9. cxd5 exd5 10. d4 Nc6 11. Nc3 Rc8 12. Rc1 cxd4 13. Nxd4 Nxd4 14. Qxd4 Bc5 15. Qd3 Qd7 16. Rfd1 Rfd8 17. Ne2 Qe7 18. Nd4 Bxd4 19. Qxd4 Rxc1 20. Rxc1 Ne8 21. h4 Qd7 22. Kh2 h6 23. Bh3 Qd6 24. Bc3 Qg6 25. Bb4 Nd6 26. Bxd6 Qxd6 27. Bg2 Re8 28. e4 Qa3 29. Rc7 Ba8 30. exd5 Qd6 31. Rxa7 b5 32. Qf4 Qxf4 33. gxf4 Rd8 34. Ra5 Bxd5 35. Rxb5 Bxg2 36. Kxg2 Rd4 37. a4 Rxf4 38. a5 Rg4+ 39. Kf3 Rd4 40. a6 Rd2 41. b4 Ra2 42. Ra5 Rxa5 43. bxa5 g5 44. a7 gxh4 45. a8=Q+ Kg7 46. Kg4 h3 47. Kxh3 h5 48. Kh4 f5 49. Qc6 f4 50. a6 1-0


[Site "https://www.chess.com"]

[Event "Titled Tuesday Blitz February 22 Late 2022"]
[White "Barp, Alberto"]
[Black "Ladan, Nicholas"]
[WhiteFideId "872555"]
[BlackFideId "30918855"]
[WhiteElo "2229"]
[BlackElo "2372"]
[Result "1-0"]
[Round "03"]
[TimeControl "180+1"]
[Date "2022.02.23"]
[WhiteClock "0:00:12"]
[BlackClock "0:00:03"]

1. d4 d5 2. c4 c6 3. Nf3 Nf6 4. e3 a6 5. Nc3 Bf5 6. Qb3 Ra7 7. c5 h6 8. a4 Nbd7 9. a5 e6 10. Bd2 g5 11. Be2 Bg7 12. O-O O-O 13. Qd1 Bg6 14. h3 Ne4 15. Nxe4 dxe4 16. Ne1 Nf6 17. Nc2 Nd5 18. Na3 f5 19. Nc4 f4 20. Bg4 Qf6 21. Ne5 Be8 22. Qc2 h5 23. Bd1 Qf5 24. Be2 Bxe5 25. dxe5 Bg6 26. exf4 gxf4 27. f3 e3 28. Qxf5 Rxf5 29. Be1 Rxe5 30. b4 Ra8 31. Rd1 Rf8 32. g3 Rg5 33. h4 Rgf5 34. Kh2 e5 35. Bc4 fxg3+ 36. Bxg3 Rxf3 37. Rxf3 Rxf3 38. Rxd5 Bf7 39. Rd8+ Kg7 40. Bxf7 Kxf7 41. Rd1 Kf6 42. Kg2 e4 43. Rf1 e2 44. Re1 Rb3 45. Rxe2 Rxb4 46. Rf2+ Ke6 47. Rd2 Kf5 48. Rd6 Kg4 49. Rg6+ Kf5 50. Rg5+ Ke6 51. Rxh5 Rb2+ 52. Kh3 Kf6 53. Re5 Rb4 54. Re8 Rb5 55. Bd6 Rxa5 56. Rxe4 Kf5 57. Rf4+ Kg6 58. Kg4 Ra1 59. h5+ Kh6 60. Rf6+ Kg7 61. Rg6+ Kh7 62. Re6 Rg1+ 63. Bg3 a5 64. Re7+ Kh6 65. Rxb7 a4 66. Ra7 Rg2 67. Rxa4 Re2 68. Ra7 Re4+ 69. Bf4+ Rxf4+ 70. Kxf4 Kxh5 71. Ke5 Kg6 72. Kd6 1-0


[Site "https://www.chess.com"]

[Event "Titled Tuesday Blitz February 22 Late 2022"]
[White "Baskin, Robert"]
[Black "Rytenko, Vsevolod"]
[WhiteFideId "24662402"]
[BlackFideId "14133040"]
[WhiteElo "2488"]
[BlackElo "2144"]
[Result "1-0"]
[Round "03"]
[TimeControl "180+1"]
[Date "2022.02.23"]
[WhiteClock "0:00:06"]
[BlackClock "0:00:05"]

1. d4 Nf6 2. c4 c5 3. d5 b5 4. cxb5 a6 5. bxa6 Bxa6 6. Nc3 g6 7. e4 Bxf1 8. Kxf1 d6 9. g3 Bg7 10. Kg2 O-O 11. Nf3 Nbd7 12. a4 Qa5 13. Qe2 Rfb8 14. Ra3 Ng4 15. Nb5 Nge5 16. Nxe5 Nxe5 17. Bd2 Qa6 18. Bc3 Qc8 19. f4 Ng4 20. h3 Bxc3 21. bxc3 Nf6 22. c4 Nd7 23. e5 Qa6 24. exd6 exd6 25. Qe7 Nb6 26. Nxd6 Ra7 27. Qe5 Nd7 28. Qe7 Rb2+ 29. Kf3 Nf8 30. Qe5 Qb6 31. Nb5 Rc2 32. Nxa7 Qxa7 33. Rb1 Rxc4 34. a5 Rd4 35. a6 c4 36. Rb7 Qc5 37. Re3 Rxd5 38. Qe7 Qxe7 39. Rexe7 Rd3+ 40. Ke2 Ra3 41. a7 Ne6 42. Rb8+ Kg7 43. Rxe6 Rxa7 44. Rc6 Ra2+ 45. Kf3 Ra3+ 46. Kg4 h5+ 47. Kh4 f6 48. Rxc4 Kh6 49. Rc6 Ra4 50. Rxf6 Kg7 51. Rc6 Ra5 52. Rb7+ Kh6 53. Rbb6 Kh7 54. Rxg6 Ra4 55. Rh6+ Kg7 56. Rbg6+ Kf7 57. Rg5 Ra6 58. Rhxh5 Rf6 59. Rf5 Kg7 60. Rxf6 Kg8 61. Rg5+ 1-0


[Site "https://www.chess.com"]

[Event "Titled Tuesday Blitz February 22 Late 2022"]
[White "Batsiashvili, Nino"]
[Black "Liu, Leonardo"]
[WhiteFideId "13602993"]
[BlackFideId "30965780"]
[WhiteElo "2230"]
[BlackElo "2227"]
[Result "1-0"]
[Round "03"]
[TimeControl "180+1"]
[Date "2022.02.23"]
[WhiteClock "0:01:42"]
[BlackClock "0:00:28"]

1. d4 Nf6 2. c4 g6 3. Nc3 Bg7 4. e4 d6 5. Nf3 O-O 6. Be2 e5 7. O-O Nc6 8. d5 Ne7 9. Ne1 a5 10. Nd3 Nd7 11. Be3 f5 12. f3 f4 13. Bf2 g5 14. a3 Ng6 15. b4 axb4 16. axb4 Rxa1 17. Qxa1 Nf6 18. c5 Rf7 19. Qa8 Rf8 20. cxd6 cxd6 21. Nb5 Qe7 22. Qa7 g4 23. Qb6 gxf3 24. Bxf3 Ne8 25. Rc1 Bd7 26. Qxb7 Bxb5 27. Qxb5 Nh4 28. Ne1 Nxf3+ 29. gxf3 Nf6 30. Qc6 Rf7 31. b5 Bf8 32. b6 Rg7+ 33. Kf1 Nh5 34. Qc8 Ng3+ 35. hxg3 fxg3 36. Rc7 Qg5 37. Rxg7+ Kxg7 38. Qg4 Qxg4 39. fxg4 gxf2 40. Kxf2 1-0


[Site "https://www.chess.com"]

[Event "Titled Tuesday Blitz February 22 Late 2022"]
[White "Bouget, Alexandre"]
[Black "Kim, Sergey"]
[WhiteFideId "681318"]
[BlackFideId "13700570"]
[WhiteElo "2178"]
[BlackElo "2640"]
[Result "1-0"]
[Round "03"]
[TimeControl "180+1"]
[Date "2022.02.23"]
[WhiteClock "0:00:16"]
[BlackClock "0:01:07"]

1. d4 Nf6 2. c4 g6 3. Nc3 Bg7 4. e4 d6 5. Nge2 O-O 6. Ng3 e5 7. d5 a5 8. h4 c6 9. h5 cxd5 10. cxd5 Nbd7 11. Bg5 Nc5 12. Qd2 a4 13. Bh6 Bxh6 14. Qxh6 Ng4 15. Qd2 Qf6 16. f3 Qf4 17. Qxf4 exf4 18. fxg4 fxg3 19. Be2 Bd7 20. O-O Rfe8 21. Bf3 Kg7 22. Rfe1 Kf6 23. Re2 Re5 24. Rf1 Kg5 25. Re3 Rf8 26. Bd1 Kh4 27. Rf6 Bxg4 28. hxg6 hxg6 29. Bxg4 Kxg4 30. Rxd6 Nxe4 31. Rxe4+ Rxe4 32. Nxe4 Kf4 33. Nc3 a3 34. bxa3 Rc8 35. Ne2+ Kg4 36. Kf1 Rc2 37. Ke1 Rxa2 38. Rf6 Rxa3 39. d6 Rd3 40. Rf4+ Kg5 41. Rd4 Rxd4 42. Nxd4 Kf6 43. Ke2 b5 44. Nxb5 Ke6 45. Kf3 f5 46. Kxg3 g5 47. Kf3 Kd7 48. Ke3 Kc6 49. Kd4 1-0


[Site "https://www.chess.com"]

[Event "Titled Tuesday Blitz February 22 Late 2022"]
[White "Brunner, Nicolas"]
[Black "Antonio, Jorge Carlos"]
[WhiteFideId "620246"]
[BlackFideId "113190"]
[WhiteElo "2372"]
[BlackElo "2247"]
[Result "1/2-1/2"]
[Round "03"]
[TimeControl "180+1"]
[Date "2022.02.23"]
[WhiteClock "0:01:34"]
[BlackClock "0:01:41"]

1. d4 d5 2. c4 c6 3. Nf3 dxc4 4. e3 b5 5. a4 Qb6 6. axb5 cxb5 7. b3 e6 8. bxc4 bxc4 9. Bxc4 Nf6 10. O-O Be7 11. Ba3 Bxa3 12. Nxa3 O-O 13. Ne5 Nc6 14. Rb1 Qc7 15. Nd3 Na5 16. Bb5 a6 17. Ba4 Bb7 18. f3 Nd5 19. Qd2 Qc3 1/2-1/2


[Site "https://www.chess.com"]

[Event "Titled Tuesday Blitz February 22 Late 2022"]
[White "Buscar, Michael"]
[Black "Papp, Levente"]
[WhiteFideId "2603616"]
[BlackFideId "751243"]
[WhiteElo "2010"]
[BlackElo "2308"]
[Result "0-1"]
[Round "03"]
[TimeControl "180+1"]
[Date "2022.02.23"]
[WhiteClock "0:00:28"]
[BlackClock "0:00:54"]

1. c4 e6 2. d4 Nf6 3. g3 Bb4+ 4. Bd2 Qe7 5. Nc3 O-O 6. Bg2 d6 7. a3 Bxc3 8. Bxc3 e5 9. dxe5 dxe5 10. Qc2 Nc6 11. O-O-O Be6 12. Bxc6 bxc6 13. Bxe5 Ng4 14. Bd4 c5 15. h3 cxd4 16. hxg4 h6 17. Rxd4 Rfd8 18. Qe4 Rxd4 19. Qxd4 Rd8 20. Qe4 Qc5 21. Nf3 Bxc4 22. Kb1 Bd5 23. Qf5 Qc4 24. Nd2 Qa2+ 25. Kc2 Bxh1 26. f3 Qd5 0-1


[Site "https://www.chess.com"]

[Event "Titled Tuesday Blitz February 22 Late 2022"]
[White "Calcada, Lucas Galvan"]
[Black "Federzoni, Enzo"]
[WhiteFideId "22746099"]
[BlackFideId "2173301"]
[WhiteElo "1402"]
[BlackElo "1956"]
[Result "0-1"]
[Round "03"]
[TimeControl "180+1"]
[Date "2022.02.23"]
[WhiteClock "0:01:33"]
[BlackClock "0:02:11"]

1. d4 d5 2. c4 e6 3. Nc3 Nf6 4. Nf3 Be7 5. Bg5 c6 6. e3 Nbd7 7. Rc1 O-O 8. Bd3 h6 9. Bh4 Ne4 10. Bxe7 Nxc3 11. O-O Nxd1 12. Bxd8 Nxb2 13. Be7 Nxd3 14. Bxf8 Nxc1 15. Ba3 Ne2+ 16. Kh1 Nc3 17. Rc1 Ne4 0-1


[Site "https://www.chess.com"]

[Event "Titled Tuesday Blitz February 22 Late 2022"]
[White "Carbone, Diego"]
[Black "Elissalt Cardenas, Hector"]
[WhiteFideId "3002179"]
[BlackFideId "3500632"]
[WhiteElo "2199"]
[BlackElo "2159"]
[Result "1-0"]
[Round "03"]
[TimeControl "180+1"]
[Date "2022.02.23"]
[WhiteClock "0:01:14"]
[BlackClock "0:00:02"]

1. d4 d5 2. c4 e6 3. g3 Nf6 4. Nf3 Be7 5. Bg2 O-O 6. O-O c6 7. Qc2 b6 8. Nbd2 Bb7 9. e4 Na6 10. a3 c5 11. exd5 exd5 12. dxc5 Nxc5 13. b4 Ne6 14. Bb2 dxc4 15. Nxc4 Be4 16. Qb3 Qd3 17. Qxd3 Bxd3 18. Rfc1 Bxc4 19. Rxc4 Rac8 20. Rac1 Rxc4 21. Rxc4 a5 22. Ne5 axb4 23. Nc6 Bd6 24. axb4 Ne8 25. f4 N8c7 26. f5 Nd8 27. f6 gxf6 28. Rg4+ 1-0


[Site "https://www.chess.com"]

[Event "Titled Tuesday Blitz February 22 Late 2022"]
[White "Cardoso Cardoso, Jose Gabriel"]
[Black "Bodnar, Nikolay"]
[WhiteFideId "4430492"]
[BlackFideId "14106469"]
[WhiteElo "2451"]
[BlackElo "2296"]
[Result "1-0"]
[Round "03"]
[TimeControl "180+1"]
[Date "2022.02.23"]
[WhiteClock "0:00:21"]
[BlackClock "0:00:08"]

1. Nf3 d5 2. b3 c5 3. Bb2 f6 4. d3 e5 5. e4 d4 6. g3 Nc6 7. Bg2 Be6 8. a4 Bd6 9. Nfd2 Nge7 10. Nc4 Bc7 11. Nbd2 O-O 12. O-O a6 13. f4 exf4 14. gxf4 f5 15. Qh5 b5 16. Na3 Rb8 17. axb5 axb5 18. Rae1 Qd7 19. Bc1 Kh8 20. Nf3 Qe8 21. Qh3 Qg6 22. Ng5 Bc8 23. e5 Be6 24. Bf3 Bd5 25. Bh5 Qh6 26. Bd2 g6 27. Bd1 Qxh3 28. Nxh3 Rb7 29. Ng5 Ra8 30. Bc1 Nb4 31. Bf3 Bxf3 32. Rxf3 Na2 33. Bb2 Nc3 34. Ne6 Bb6 35. Bxc3 dxc3 36. Nxb5 c4+ 37. Kg2 cxb3 38. cxb3 Ra2+ 39. Kh3 c2 40. Rc1 Ba5 41. Nbd4 Rb6 42. Nc5 Nd5 43. Rxc2 Rxc2 44. Nxc2 Rc6 45. d4 Kg7 46. Rf2 Bc3 47. Kg2 Kf7 48. Na4 Ba5 49. Kf3 Bc7 50. Na3 Ne7 51. Nc4 Nd5 52. Rc2 Ke6 53. Nc5+ Ke7 54. Na5 Rb6 55. Na4 Rb4 56. Nc6+ Kd7 57. Nxb4 Nxb4 58. Rc4 Nd5 59. Nc3 Nb6 60. e6+ Kd6 61. Nb5+ Kxe6 62. Rxc7 Nd5 63. Rc5 Kf7 64. Rxd5 g5 65. Rxf5+ Ke6 66. Rxg5 h6 67. Rg6+ Kf5 68. Rd6 h5 69. d5 h4 70. Nd4# 1-0


[Site "https://www.chess.com"]

[Event "Titled Tuesday Blitz February 22 Late 2022"]
[White "Carlsson, Ludvig"]
[Black "Savchenko, Boris"]
[WhiteFideId "1727010"]
[BlackFideId "4147332"]
[WhiteElo "2178"]
[BlackElo "2512"]
[Result "1-0"]
[Round "03"]
[TimeControl "180+1"]
[Date "2022.02.22"]
[WhiteClock "0:00:49"]
[BlackClock "0:00:53"]

1. Nf3 g6 2. e4 Bg7 3. d4 c5 4. c3 cxd4 5. cxd4 d5 6. e5 Bg4 7. Bb5+ Nc6 8. Bxc6+ bxc6 9. Nbd2 e6 10. h3 Bxf3 11. Nxf3 c5 12. dxc5 Ne7 13. O-O O-O 14. Bg5 h6 15. Bxe7 Qxe7 16. b4 a5 17. a3 Rfb8 18. Qd2 Qc7 19. Qc3 g5 20. Rfe1 Ra6 21. Rab1 axb4 22. axb4 Ra4 23. Rb3 Qa7 24. Reb1 Ra2 25. b5 Qa4 26. c6 Qa8 27. b6 d4 28. Nxd4 Bxe5 29. c7 Rf8 30. b7 Qa4 31. c8=Q Bxd4 32. Qxf8+ Kxf8 33. b8=Q+ Kg7 34. Qf3 Rxf2 35. Qxf2 Bxf2+ 36. Kxf2 Qd4+ 37. Re3 Qd2+ 38. Re2 Qf4+ 39. Qxf4 gxf4 40. Rb5 1-0


[Site "https://www.chess.com"]

[Event "Titled Tuesday Blitz February 22 Late 2022"]
[White "Chigaev, Maksim"]
[Black "Bachmann, Axel"]
[WhiteFideId "4108116"]
[BlackFideId "3700488"]
[WhiteElo "2502"]
[BlackElo "2642"]
[Result "0-1"]
[Round "03"]
[TimeControl "180+1"]
[Date "2022.02.22"]
[WhiteClock "0:00:13"]
[BlackClock "0:00:47"]

1. e4 e5 2. Nf3 Nf6 3. Nc3 d6 4. d4 Nbd7 5. Rg1 c6 6. g4 g6 7. g5 Nh5 8. Be3 b5 9. Qd2 Qa5 10. Bd3 Bg7 11. Ne2 Qc7 12. O-O-O a6 13. Ng3 Nf4 14. Bxf4 exf4 15. Qxf4 c5 16. Nf5 gxf5 17. exf5 c4 18. Be4 Rb8 19. f6 Bf8 20. Rge1 Kd8 21. Bxh7 c3 22. Kb1 Rxh7 23. Qe4 Qa5 24. Re3 Rh3 25. Qe8+ Kc7 26. Rxc3+ Kb7 27. Rxc8 Rxc8 28. Qxd7+ Qc7 29. Qxc7+ Kxc7 30. Rd3 d5 31. a4 Bd6 32. axb5 axb5 33. Ne5 Rxd3 34. cxd3 Bxe5 35. dxe5 Kd7 36. f4 Ke6 37. h4 Rh8 38. h5 Rxh5 39. f5+ Kxf5 40. e6 Kxe6 41. Ka2 Rxg5 42. Kb3 Rg4 43. d4 0-1


[Site "https://www.chess.com"]

[Event "Titled Tuesday Blitz February 22 Late 2022"]
[White "Chyngyz, Sultai"]
[Black "Pichot, Alan"]
[WhiteFideId "13803158"]
[BlackFideId "110973"]
[WhiteElo "1339"]
[BlackElo "2543"]
[Result "0-1"]
[Round "03"]
[TimeControl "180+1"]
[Date "2022.02.22"]
[WhiteClock "0:00:22"]
[BlackClock "0:00:08"]

1. e4 e5 2. Nf3 Nc6 3. Bc4 Bc5 4. d3 Nf6 5. Nc3 h6 6. O-O d6 7. Na4 Bb6 8. c3 O-O 9. Nxb6 axb6 10. a4 Be6 11. Ba2 Bxa2 12. Rxa2 d5 13. Qe2 Re8 14. Ra1 Qd7 15. Bd2 Rad8 16. Rad1 Qg4 17. h3 Qe6 18. Bc1 Rd7 19. exd5 Qxd5 20. Nh4 Qb3 21. Qf3 Qd5 22. Qg3 Nh5 23. Qg4 Nf6 24. Qg3 Kh7 25. Nf5 Rg8 26. Qh4 e4 27. Nxh6 exd3 28. Nxg8+ Kxg8 29. Qg3 Ne4 30. Qg4 f5 31. Qg6 Qf7 32. Qxf7+ Kxf7 33. Bf4 Na5 34. Bg5 Nxg5 35. f4 Ne4 36. Rf3 d2 37. Kf1 Nc4 38. Ke2 Nxb2 39. Rb1 d1=Q+ 40. Rxd1 Nxd1 41. g4 Ndxc3+ 42. Kf1 Nd2+ 43. Kg2 Nxf3 44. g5 Nh4+ 45. Kg3 Ng6 46. Kf2 Nxf4 47. h4 Rd3 48. a5 Ne4+ 49. Kf1 bxa5 50. Ke1 a4 51. g6+ Kxg6 52. h5+ Kxh5 53. Kf1 Rd1# 0-1


[Site "https://www.chess.com"]

[Event "Titled Tuesday Blitz February 22 Late 2022"]
[White "Clawitter, Craig"]
[Black "Przybylski, Wojciech"]
[WhiteFideId "2023105"]
[BlackFideId "1117599"]
[WhiteElo "2204"]
[BlackElo "2133"]
[Result "1-0"]
[Round "03"]
[TimeControl "180+1"]
[Date "2022.02.23"]
[WhiteClock "0:00:07"]
[BlackClock "0:00:09"]

1. e4 e5 2. Nf3 Nf6 3. Nxe5 d6 4. Nf3 Nxe4 5. Nc3 Nxc3 6. dxc3 Be7 7. Be3 O-O 8. Qd2 Nc6 9. O-O-O Bf6 10. Kb1 Be6 11. h4 Ne5 12. Ng5 Bf5 13. Be2 h6 14. Nf3 Ng4 15. Bd4 Re8 16. Qf4 Bxd4 17. Nxd4 Rxe2 18. Nxe2 Bd7 19. f3 Nf2 20. Nd4 Nxd1 21. Rxd1 Qf6 22. Qxf6 gxf6 23. Re1 Kf8 24. Kc1 c5 25. Ne2 Re8 26. Kd2 Bc6 27. Ng3 Re5 28. Rxe5 dxe5 29. h5 Kg7 30. Nf5+ Kh7 31. c4 Bd7 32. Nd6 Be6 33. Nxb7 Bxc4 34. Nxc5 f5 35. b3 Bd5 36. c4 Bc6 37. b4 f4 38. b5 Ba8 39. Na6 f5 40. Nc7 Bb7 41. c5 e4 42. c6 Bc8 43. a4 Kg7 44. a5 Kf6 45. b6 axb6 46. axb6 Ke7 47. b7 Bxb7 48. cxb7 e3+ 49. Ke2 Kf6 50. b8=Q Kg5 51. Nd5 Kxh5 52. Qe8+ Kh4 53. Nf6 Kg3 54. Qg6+ Kh2 55. Qxh6+ Kg1 56. Qxf4 Kh1 57. Qxe3 Kh2 58. Qf4+ Kg1 59. Qxf5 Kh2 60. g4 Kg3 61. g5 Kh4 62. g6 Kg3 63. g7 Kh4 64. Nd7 Kg3 65. g8=Q+ Kh2 66. Qfh7# 1-0


[Site "https://www.chess.com"]